Map: Altitude LE

Players

PtitDrogo - Winner!

  • Race: Protoss Protoss
  • Spawn Location: 7:00

trigger

  • Race: Protoss Protoss
  • Spawn Location: 1:00

Event: ESL SC2 Masters 2023 Summer (Finals)

VOD

Have the link to the VOD?

Description

Time

  • Played on: June 16, 2023, 12:13 p.m.
  • Length: 10:43

All games in this series

Show
View Real Time Build Order
Export as new Build Order

PtitDrogo Protoss - Winner!

Build Orders: Phoenix Opening, Blink Stalkers 

Get SALT Encoding   

  12  0:00  Probe  
  13  0:12  Probe  
  14  0:18  Pylon  
  14  0:24  Probe (Chrono Boost)  
  15  0:36  Probe (Chrono Boost)  
  15  0:40  Gateway  
  16  0:45  Probe (Chrono Boost)  
  16  0:48  Assimilator  
  17  0:51  Probe  
  18  0:58  Assimilator  
  18  1:03  Probe (Chrono Boost)  
  19  1:13  Probe (Chrono Boost)  
  20  1:18  Probe  
  20  1:19  Gateway  
  21  1:32  Cybernetics Core, Probe  
  22  1:39  Pylon  
  22  1:45  Probe  
  23  1:57  Probe  
  24  2:08  Sentry  
  28  2:11  Probe  
  28  2:12  Warp Gate  
  29  2:24  Nexus  
  29  2:26  Sentry  
  29  2:32  Probe  
  29  2:35  Shield Battery  
  30  2:38  Phoenix  
  30  2:42  Pylon  
  30  2:44  Probe  
  31  2:54  Twilight Council  
  31  3:01  Probe, Phoenix, Sentry  
  34  3:13  Probe  
  37  3:24  Blink (Chrono Boost)  
  37  3:25  Probe (Chrono Boost), Pylon  
  36  3:36  Probe (Chrono Boost)  
  36  3:38  Probe (Chrono Boost)  
  36  3:41  Probe (Chrono Boost)  
  38  3:42  Probe (Chrono Boost)  
  40  3:51  Probe x2  
  42  4:01  Stalker x2  
  46  4:03  Probe x2  
  48  4:15  Nexus, Probe x2  
  50  4:26  Stalker  
  50  4:27  Probe x2, Stalker  
  56  4:32  Pylon  
  56  4:37  Assimilator  
  56  4:39  Probe x2  
  58  4:49  Stalker  
  58  4:50  Stalker  
  58  4:51  Probe  
  58  4:52  Shield Battery  
  63  4:54  Probe  
  63  4:59  Forge  
  63  5:03  Probe, Shield Battery  
  64  5:10  Probe  
  63  5:14  Stalker  
  63  5:15  Probe, Stalker  
  68  5:22  Probe  
  65  5:36  Protoss Ground Weapons Level 1 (Chrono Boost)  
  65  5:37  Probe (Chrono Boost)  
  65  5:38  Stalker x2  
  65  5:41  Probe (Chrono Boost)  
  70  5:47  Gateway  
  70  5:48  Probe (Chrono Boost), Gateway  
  70  5:49  Gateway  
  70  5:50  Gateway  
  70  5:52  Probe x2 (Chrono Boost)  
  70  5:56  Probe (Chrono Boost)  
  73  6:00  Robotics Facility  
  73  6:02  Probe  
  74  6:05  Adept  
  74  6:06  Adept  
  78  6:12  Probe x2  
  78  6:14  Probe, Pylon  
  80  6:25  Probe (Chrono Boost)  
  78  6:28  Probe (Chrono Boost)  
  80  6:33  Probe (Chrono Boost)  
  80  6:37  Probe (Chrono Boost)  
  80  6:39  Probe (Chrono Boost)  
  82  6:43  Probe (Chrono Boost)  
  82  6:46  Nexus  
  83  6:48  Probe, Pylon  
  83  6:49  Probe, Charge  
  83  6:50  Observer  
  83  6:53  Assimilator  
  86  6:56  Stalker x3  
  86  6:59  Photon Cannon  
  92  7:03  Pylon  
  92  7:06  Pylon  
  92  7:11  Shield Battery  
  92  7:13  Observer  
  92  7:14  Pylon  
  93  7:19  Stalker x2  
  93  7:20  Stalker x2  
  101  7:25  Stalker x2  
  105  7:37  Probe x2  
  107  7:49  Protoss Ground Weapons Level 2 (Chrono Boost)  
  107  7:50  Stalker x6  
  119  7:56  Warp Prism  
  119  8:00  Gateway  
  119  8:02  Probe x2 (Chrono Boost), Gateway  
  119  8:03  Photon Cannon  
  119  8:05  Probe (Chrono Boost)  
  120  8:06  Photon Cannon x2  
  120  8:08  Probe (Chrono Boost)  
  122  8:14  Probe (Chrono Boost)  
  112  8:23  Stalker x4  
  120  8:30  Gateway  
  120  8:34  Zealot x2, Assimilator x2  
  120  8:35  Gateway  
  120  8:37  Gateway  
  120  8:38  Pylon  
  124  8:46  Zealot x4  
  132  8:50  Pylon  
  132  8:56  Zealot x4  
  140  9:07  Zealot x4  
  140  9:15  Shield Battery  
  140  9:16  Shield Battery  
  138  9:17  Zealot x4  
  146  9:27  Stalker x5  
  140  9:35  Zealot x2  
  136  9:41  Stalker  
  136  9:42  Stalker x3  
  108  9:53  Zealot x5  
  116  10:00  Warp Prism  
  114  10:08  Stalker x6  
  126  10:14  Zealot x4  
  128  10:27  Stalker  
  118  10:36  Stalker x7  
Show
View Real Time Build Order
Export as new Build Order

trigger Protoss 

Build Orders: Phoenix Opening, Blink Stalkers 

Get SALT Encoding   

  12  0:00  Probe  
  13  0:12  Probe  
  14  0:17  Pylon  
  14  0:24  Probe (Chrono Boost)  
  15  0:36  Probe (Chrono Boost)  
  15  0:37  Gateway  
  16  0:44  Probe (Chrono Boost)  
  16  0:47  Assimilator  
  17  0:50  Probe  
  18  1:03  Probe (Chrono Boost)  
  19  1:04  Assimilator  
  19  1:12  Probe (Chrono Boost), Gateway  
  19  1:17  Probe (Chrono Boost)  
  21  1:26  Cybernetics Core  
  21  1:30  Probe  
  22  1:36  Pylon  
  22  1:42  Probe  
  23  1:55  Probe  
  24  2:03  Sentry  
  24  2:04  Stalker  
  24  2:05  Warp Gate  
  24  2:07  Probe  
  29  2:13  Pylon  
  29  2:19  Probe  
  30  2:31  Sentry  
  30  2:35  Stalker  
  34  2:37  Phoenix  
  34  2:50  Nexus  
  34  3:00  Twilight Council  
  34  3:03  Probe  
  35  3:11  Pylon  
  35  3:16  Stalker  
  35  3:18  Phoenix  
  37  3:21  Probe  
  37  3:26  Blink (Chrono Boost)  
  38  3:33  Probe  
  39  3:45  Probe  
  40  3:54  Stalker x2  
  44  3:57  Probe  
  45  4:06  Probe  
  45  4:09  Probe  
  47  4:11  Robotics Facility  
  47  4:18  Probe  
  47  4:21  Probe, Stalker  
  51  4:24  Stalker  
  51  4:30  Probe  
  54  4:34  Probe  
  54  4:36  Pylon  
  55  4:42  Probe  
  55  4:44  Stalker  
  58  4:46  Probe  
  58  4:47  Stalker  
  61  5:01  Nexus  
  61  5:09  Probe  
  61  5:10  Stalker  
  61  5:11  Stalker  
  64  5:18  Probe  
  65  5:21  Probe  
  65  5:23  Pylon, Observer  
  65  5:24  Assimilator  
  65  5:35  Probe  
  60  5:38  Probe (Chrono Boost), Stalker x2  
  65  5:45  Pylon  
  65  5:47  Probe (Chrono Boost), Forge  
  66  5:50  Probe (Chrono Boost)  
  66  5:55  Gateway  
  68  5:57  Observer  
  68  5:58  Probe (Chrono Boost)  
  68  5:59  Gateway  
  68  6:01  Probe (Chrono Boost)  
  68  6:02  Gateway  
  70  6:05  Stalker  
  70  6:09  Stalker  
  70  6:11  Probe  
  75  6:12  Probe  
  75  6:13  Probe  
  77  6:23  Probe  
  77  6:24  Probe, Immortal (Chrono Boost)  
  77  6:25  Probe  
  80  6:31  Stalker  
  86  6:33  Stalker  
  86  6:35  Probe  
  86  6:36  Protoss Ground Weapons Level 1 (Chrono Boost)  
  87  6:50  Probe x2 (Chrono Boost)  
  87  6:52  Probe (Chrono Boost)  
  88  6:59  Probe (Chrono Boost)  
  88  7:00  Stalker x3  
  96  7:01  Probe (Chrono Boost)  
  96  7:03  Probe (Chrono Boost)  
  96  7:04  Probe (Chrono Boost)  
  96  7:05  Pylon, Stalker  
  100  7:10  Probe, Charge  
  101  7:18  Gateway  
  101  7:20  Gateway  
  101  7:23  Probe x2  
  101  7:29  Stalker x2  
  107  7:35  Stalker  
  108  7:40  Probe x2  
  107  7:44  Stalker  
  107  7:46  Probe  
  107  7:49  Shield Battery  
  108  7:52  Probe  
  108  7:58  Stalker  
  108  7:59  Probe, Pylon  
  108  8:00  Pylon  
  108  8:08  Pylon  
  108  8:11  Nexus  
  108  8:15  Warp Prism (Chrono Boost)  
  105  8:21  Zealot, Stalker x3  
  105  8:22  Zealot x2  
  105  8:25  Protoss Ground Weapons Level 2 (Chrono Boost)  
  118  8:27  Probe x3  
  118  8:28  Pylon  
  120  8:43  Zealot x3  
  120  8:44  Pylon, Zealot x2  
  120  8:48  Zealot  
  131  8:57  Probe x2  
  133  9:03  Zealot x2  
  133  9:04  Zealot x3  
  133  9:09  Zealot  
  143  9:15  Gateway  
  141  9:18  Gateway  
  141  9:23  Observer (Chrono Boost)  
  140  9:29  Zealot x3  
  140  9:30  Zealot x3  
  140  9:31  Probe x2  
  142  9:32  Probe  
  142  9:33  Probe  
  134  9:40  Warp Prism (Chrono Boost)  
  108  9:50  Zealot x4  
  108  9:51  Zealot x2  
  108  9:58  Shield Battery  
  84  10:10  Stalker x4  
  84  10:11  Stalker x3  
  96  10:20  Pylon  
  87  10:22  Dark Shrine  
  79  10:28  Zealot  
  79  10:34  Zealot x7  
Tags
 
Add a new tag
Caveats
  • Supply blocks, unpowered buildings, or Contaminate may cause inaccurate times.
  • Supply counts are checked every 10 seconds.